 Dungeon Crawl Stone Soup version 0.29.1-1-gd02db6906a (webtiles) character file.

Game seed: 8816401514119502811

10803 keekatzer the Grappler (level 11, -4/126 HPs)
             Began as a Troll Transmuter on Sept 18, 2022.
             Was an Elder of Elyvilon.
             Slain by a two-headed ogre
             ... wielding a +0 giant club
              (14 damage)
             ... on level 11 of the Dungeon.
             The game lasted 00:43:28 (7220 turns).

keekatzer the Grappler (Troll Transmuter)           Turns: 7220, Time: 00:43:29

Health: -4/126     AC:  6    Str: 27    XL:     11   Next: 41%
Magic:  4/14       EV: 13    Int:  9    God:    Elyvilon [****..]
Gold:   520        SH:  0    Dex: 20    Spells: 9/16 levels left

rFire   x . .      SeeInvis +     - Unarmed
rCold   + + +      Faith    .   (shield currently unavailable)
rNeg    . . .      Spirit   .   (body armour currently unavailable)
rPois   +          Reflect  .   (helmet currently unavailable)
rElec   +          Harm     .   (cloak currently unavailable)
rCorr   .          Rampage  .   (gloves unavailable)
Will    .....                   (boots unavailable)
Stlth   ++........              (no amulet)
HPRegen 1.11/turn               E - +4 ring of slaying
MPRegen 0.14/turn               J - ring "Askohi" {rElec Str+7 Dex+6 SInv}

@: about to teleport, ice-form, very slightly contaminated
A: freezing attack, amphibious, boosted hp, large, unfitting armour, (claws 3),
regeneration 1, (shaggy fur 1), (tough skin 1)
a: End Transformation, Renounce Religion, Purification, Heal Other, Heal Self


You were on level 11 of the Dungeon.
You worshipped Elyvilon.
Elyvilon was greatly pleased with you.
You were a creature of crystalline ice.
You visited 2 branches of the dungeon, and saw 12 of its levels.
You also visited: Sewer.

You collected 654 gold pieces.
You spent 134 gold pieces at shops.

Inventory:

Hand Weapons
 w - the +7 halberd of the Jumping Hero {holy, Dex+6}
   (You found it in a sewer)

   It has been blessed by the Shining One to cause great damage to the undead
   and demons.
   Dex:       It affects your dexterity (+6).
 G - a +4 morningstar
 H - a +5 flail
Armour
 c - a +0 hat (melded)
 v - a +0 troll leather armour (melded) {Pargi}
 K - a +0 cloak (melded)
 M - +0 acid dragon scales
Magical Staves
 O - a staff of conjuration
 P - a staff of fire
Jewellery
 i - an amulet of faith
 E - a +4 ring of slaying (left front paw)
 J - the ring "Askohi" (right front paw) {rElec Str+7 Dex+6 SInv}
   (You found it on level 8 of the Dungeon)

   [ring of see invisible]

   Str:       It affects your strength (+7).
   Dex:       It affects your dexterity (+6).
   rElec:     It insulates you from electricity.
   SInv:      It lets you see invisible.
 L - a ring of fire
Wands
 d - a wand of mindburst (20)
 g - a wand of polymorph (12)
 o - a wand of digging (11)
 z - a wand of charming (21)
 I - a wand of flame (18)
 N - a wand of iceblast (5)
Scrolls
 a - 7 scrolls of poison
 f - 3 scrolls of amnesia {unknown}
 h - 6 scrolls of teleportation
 m - 2 scrolls of brand weapon {unknown}
 n - 5 scrolls of fear {unknown}
 s - 2 scrolls of magic mapping {unknown}
 t - a scroll of fog
 y - 3 scrolls of torment {unknown}
 B - 3 scrolls of vulnerability {unknown}
 D - a scroll of enchant weapon {unknown}
 F - a scroll of immolation {unknown}
 Q - a scroll of summoning {unknown}
Potions
 b - 2 potions of lignification
 e - a potion of might
 j - 3 potions of brilliance {unknown}
 k - 4 potions of flight
 l - 5 potions of curing
 p - 2 potions of mutation
 q - 3 potions of heal wounds
 r - 4 potions of magic {unknown}
 u - 5 potions of berserk rage
 x - a potion of cancellation
 A - a potion of ambrosia {unknown}
 C - 3 potions of haste {unknown}


   Skills:
 + Level 6.2 Fighting
 - Level 4.0 Armour
 + Level 6.1 Dodging
 + Level 8.8 Unarmed Combat
 - Level 3.0 Spellcasting
 * Level 6.5 Transmutations
 - Level 5.0 Ice Magic


You had 9 spell levels left.
You knew the following spells:

 Your Spells              Type           Power      Damage    Failure   Level
a - Beastly Appendage     Tmut           26%        N/A       1%          1
b - Wereblood             Tmut           13%        N/A       3%          2
c - Ice Form              Ice/Tmut       11%        N/A       28%         4

Your spell library contained the following spells:

 Spells                   Type           Power      Damage    Failure   Level
 Spider Form              Tmut/Pois      7%         N/A       24%         3
 Apportation              Tloc           2%         N/A       30%         1
 Magic Dart               Conj           4%         1d3       30%         1
 Necrotise                Necr           4%         1d4       30%         1
 Shock                    Conj/Air       4%         1d3       30%         1
 Summon Small Mammal      Summ           4%         N/A       30%         1
 Searing Ray              Conj           2%         2d4       41%         2
 Call Canine Familiar     Summ           1%         N/A       65%         3
 Confusing Touch          Hex            1%         N/A       65%         3
 Portal Projectile        Hex/Tloc       2%         N/A       65%         3
 Summon Guardian Golem    Hex/Summ       1%         N/A       65%         3
 Swiftness                Air            1%         N/A       65%         3
 Vampiric Draining        Necr           1%         2d6       65%         3
 Summon Ice Beast         Ice/Summ       5%         N/A       71%         4
 Alistair's Intoxication  Tmut/Pois      4%         N/A       91%         5
 Yara's Violent Unravell  Hex/Tmut       3%         3d4       91%         5
 Airstrike                Air            0%         2d(1-17)  96%         4
 Corpse Rot               Necr/Pois/Air  1%         N/A       96%         4
 Dispel Undead            Necr           1%         3d6       96%         4
 Fulminant Prism          Conj/Hex       0%         3d6       96%         4
 Iskenderun's Mystic Bla  Conj/Tloc      1%         2d3       96%         4
 Leda's Liquefaction      Hex/Erth       0%         N/A       96%         4
 Agony                    Necr           1%         N/A       100%        5
 Lee's Rapid Deconstruct  Erth           0%         3d5*      100%        5
 Summon Mana Viper        Hex/Summ       1%         N/A       100%        5
 Death Channel            Necr           0%         N/A       100%        6
 Enfeeble                 Hex            0%         N/A       100%        7
 Monstrous Menagerie      Summ           0%         N/A       100%        7


Dungeon Overview and Level Annotations

Branches:
Dungeon (11/15)            Temple (1/1) D:4            Lair (0/5) D:11
    Orc (0/2) D:10          Sewer (visited)

Altars:
Ashenzari
Cheibriados
Dithmenos
Elyvilon
Fedhas
Gozag
Hepliaklqana
Kikubaaqudgha
Makhleb
Nemelex Xobeh
Okawaru
Qazlal
Ru
Sif Muna
Trog
Uskayaw
Vehumet
Wu Jian
Xom
Yredelemnul
Zin
The Shining One

Shops:
D:3 *   D:7 =


Innate Abilities, Weirdness & Mutations

You are a creature of crystalline ice.
You have a powerful freezing melee attack.
You are amphibious.
Your maximum health is increased.
Your armour is entirely melded.
You are incapable of wielding weapons or throwing items.
You are too large for most types of armour.
((You have claws for hands.))
Your natural rate of healing is unusually fast.
((You are covered in fur. (AC +1)))
((You have tough skin. (AC +1)))


Message History

Found a manual of Earth Magic.
The two-headed ogre shouts in stereo!
You hear a shout!
A gargoyle and a deep troll earth mage come into view.
Found the +6 shillelagh "Devastator" {shatter} and a book of the Earth.
A gargoyle comes into view. It is wielding a +0 mace.
A two-headed ogre comes into view. It is wielding two +0 giant clubs.
The basilisk hisses angrily.
The deep troll earth mage gestures next to you while chanting.
The wall shatters!
The blast of rock fragments hits you!
The boulder beetle curls into a ball and begins rolling!
Casting: Ice Form (dangerous; 30% risk of failure)
Confirm with . or Enter, or press ? or * to list all spells.
You miscast Ice Form.
You are very lightly contaminated with residual magic.
Nothing appears to happen.
Unknown command.
Casting: Ice Form (dangerous; 30% risk of failure)
Confirm with . or Enter, or press ? or * to list all spells.
You turn into a creature of crystalline ice.
Your +0 cloak melds into your body.
Your +0 hat melds into your body.
Your +0 troll leather armour {Pargi} melds into your body.
The deep troll earth mage points next to you and mumbles some strange words.
The wall shatters!
The blast of rock fragments hits you!!
The two-headed ogre hits you with a +0 giant club.
The two-headed ogre hits you with a +0 giant club!
You hit the two-headed ogre. You freeze the two-headed ogre.
The two-headed ogre is lightly wounded.
The boulder beetle stops rolling and uncurls.
The deep troll earth mage casts a spell next to you.
The wall shatters!
The blast of rock fragments hits you!!!
Unknown command.
As you read the scroll labelled PESTRI XEAK, it crumbles to dust.
You feel strangely unstable.
It was a scroll of teleportation.
The two-headed ogre hits you with a +0 giant club! x2
* * * LOW HITPOINT WARNING * * *
You are healed.
The two-headed ogre hits you with a +0 giant club!!
* * * LOW HITPOINT WARNING * * *
The two-headed ogre hits you with a +0 giant club!
You die...

##..######## #
##......... #
#.........##
#######...........
#.................
#####.#####...........
#.....# #...........
#.###.# #...........
#Y# #........... #O#
###.#######. #.lOB.#
.# #. #.9.9...# .#
#....T....#
#..#.#.#.#..#
#.............#
#...#.8:8.#...#
..⌠..9:⌠)...⌠..


You could see a boulder beetle, 2 two-headed ogres, a deep troll earth mage, a
basilisk and 2 gargoyles.

Vanquished Creatures
  Gastronok (D:8)
  A two-headed ogre (D:11)
  The ghost of SigmundSlayer the Changer, a novice SpTm of Ashenzari (D:7)
  Maurice (D:9)
  2 trolls
  Grinder (D:4)
  4 yaks (D:10)
  4 shadows
  A wraith (D:11)
  A wyvern (D:9)
  2 steam dragons
  Grum (D:9)
  2 vampire mosquitoes (D:11)
  2 acid dragons
  3 black bears
  3 orc warriors
  4 ice beasts
  Pargi (Sewer)
  3 ogres
  3 wolves (D:9)
  7 centaurs
  3 phantoms
  2 kobold brigands
  5 bullfrogs
  4 scorpions
  9 wights
  15 killer bees
  6 howler monkeys
  2 electric eels (D:10)
  5 centaur zombies (D:7)
  4 bullfrog zombies (D:7)
  3 orc priests
  A hound (D:6)
  2 jellies
  2 iguanas (D:6)
  4 orc wizards
  3 killer bee zombies (D:7)
  8 ogre zombies (D:10)
  A howler monkey zombie (D:7)
  Robin (D:2)
  11 gnolls
  6 adders
  A shadow imp (D:8)
  3 white imps
  A worm (D:2)
  A dart slug (D:3)
  42 orcs
  7 ball pythons
  9 endoplasms
  4 giant cockroaches
  9 goblins
  6 hobgoblins
  3 jackals (D:1)
  4 quokkas
  8 bats
  2 frilled lizards
  A goblin skeleton (D:10)
  4 goblin zombies (D:10)
  2 hobgoblin skeletons (D:10)
  16 kobolds
  18 orc zombies (D:10)
  3 rats
289 creatures vanquished.

Vanquished Creatures (others)
  A withered plant (D:7)
1 creature vanquished.

Grand Total: 290 creatures vanquished

Notes
Turn   | Place    | Note
-------+----------+-------------------------------------------
     0 | D:1      | keekatzer the Troll Transmuter began the quest for the Orb.
     0 | D:1      | Reached XP level 1. HP: 18/18 MP: 1/1
    42 | D:1      | Reached skill level 1 in Fighting
    49 | D:1      | Found a faded altar of an unknown god.
   374 | D:1      | Reached XP level 2. HP: 28/28 MP: 2/2
   486 | D:2      | Learned a level 2 spell: Wereblood
   558 | D:2      | Noticed Robin
   574 | D:2      | Reached XP level 3. HP: 21/35 MP: 2/4
   592 | D:2      | Killed Robin
   934 | D:2      | Reached XP level 4. HP: 42/42 MP: 2/5
  1193 | D:3      | Noticed a scorpion
  1198 | D:3      | Killed a scorpion
  1199 | D:3      | Reached XP level 5. HP: 49/49 MP: 2/7
  1333 | D:3      | Found Tiaczad's Assorted Antiques.
  1354 | D:3      | Bought a clear potion for 25 gold pieces
  1354 | D:3      | Bought a scroll labelled PESTRI XEAK for 28 gold pieces
  1354 | D:3      | Bought a scroll labelled JUPTAN CARCHEPI for 28 gold pieces
  1354 | D:3      | Bought a scroll labelled TEMEPY WA KASH for 28 gold pieces
  1354 | D:3      | Bought a yellow potion for 25 gold pieces
  1377 | D:3      | Found a bloodstained altar of Trog.
  1456 | D:3      | Found a glowing drain.
  1467 | Sewer    | Entered a sewer
  1497 | Sewer    | Noticed Pargi
  1506 | Sewer    | Killed Pargi
  1519 | Sewer    | Identified the +7 halberd of the Jumping Hero {holy, Dex+6}
  1564 | D:3      | Learned a level 4 spell: Ice Form
  1667 | D:3      | Found a burning altar of Makhleb.
  1667 | D:3      | Noticed an Executioner
  1670 | D:3      | Noticed a neqoxec
  1670 | D:3      | Noticed a ynoxinul
  1762 | D:4      | Noticed Grinder
  1763 | D:4      | Noticed an ogre
  1775 | D:3      | Killed an ogre
  1776 | D:3      | Reached XP level 6. HP: 47/57 MP: 7/9
  1808 | D:4      | Paralysed by Grinder for 2 turns
  1815 | D:4      | Killed Grinder
  1816 | D:4      | Reached skill level 1 in Ice Magic
  1816 | D:4      | Reached XP level 7. HP: 66/66 MP: 5/10
  1821 | D:4      | Found a snail-covered altar of Cheibriados.
  1848 | D:4      | You fall into a shaft and drop 1 floor!
  1848 | D:5      | Entered Level 5 of the Dungeon
  2142 | D:4      | Reached skill level 1 in Armour
  2318 | D:4      | Found a staircase to the Ecumenical Temple.
  2393 | Temple   | Entered the Ecumenical Temple
  2393 | Temple   | Found a transporter.
  2393 | Temple   | Found a transporter.
  2395 | Temple   | Found a transporter.
  2395 | Temple   | Found a transporter.
  2771 | D:5      | Found Cil Roufu's Magic Scroll Boutique.
  3013 | D:5      | Reached XP level 8. HP: 70/74 MP: 7/11
  3077 | D:5      | Reached skill level 4 in Unarmed Combat
  3158 | D:5      | Found an iron altar of Okawaru.
  3573 | D:6      | Found a white marble altar of Elyvilon.
  3581 | D:6      | Became a worshipper of Elyvilon the Healer
  3766 | D:6      | Reached * piety under Elyvilon
  3977 | D:7      | Reached XP level 9. HP: 30/83 MP: 9/12
  4085 | D:7      | Found Kuarghyff's Jewellery Boutique.
  4104 | D:7      | Reached skill level 5 in Unarmed Combat
  4184 | D:7      | Found a runed translucent door.
  4186 | D:7      | Noticed SigmundSlayer's ghost (novice SpTm)
  4197 | D:7      | Killed SigmundSlayer's ghost
  4309 | D:7      | Reached skill level 5 in Ice Magic
  4597 | D:7      | Reached skill level 5 in Transmutations
  4672 | D:8      | Reached ** piety under Elyvilon
  4691 | D:8      | Reached skill level 6 in Unarmed Combat
  4718 | D:8      | Reached XP level 10. HP: 94/94 MP: 8/13
  4850 | D:8      | Noticed Gastronok
  4866 | D:8      | Killed Gastronok
  4867 | D:8      | Reached skill level 5 in Fighting
  4941 | D:8      | Found a glowing golden altar of the Shining One.
  5275 | D:8      | Reached *** piety under Elyvilon
  5390 | D:8      | Found a shimmering blue altar of Sif Muna.
  5438 | D:8      | Identified the ring "Askohi" {rElec Str+7 Dex+6 SInv}
  5589 | D:9      | Noticed Maurice
  5605 | D:9      | Reached skill level 5 in Dodging
  5605 | D:9      | Reached skill level 7 in Unarmed Combat
  5606 | D:9      | Killed Maurice
  5661 | D:9      | Noticed Grum
  5676 | D:9      | Killed Grum
  5957 | D:9      | Reached skill level 8 in Unarmed Combat
  6273 | D:10     | Entered Level 10 of the Dungeon
  6382 | D:10     | Found a staircase to the Orcish Mines.
  6406 | D:10     | Reached XP level 11. HP: 105/105 MP: 5/14
  6733 | D:10     | Reached **** piety under Elyvilon
  6819 | D:10     | Identified the +8 chain mail of the Desert {rCorr Str+3
                  | Slay-4}
  6982 | D:11     | Noticed a two-headed ogre
  7005 | D:11     | Killed a two-headed ogre
  7147 | D:11     | Found a staircase to the Lair.
  7212 | D:11     | Noticed a two-headed ogre
  7212 | D:11     | Noticed a boulder beetle
  7213 | D:11     | Noticed a two-headed ogre
  7214 | D:11     | Noticed a deep troll earth mage
  7214 | D:11     | Found the +6 shillelagh "Devastator" {shatter}
  7214 | D:11     | Noticed a two-headed ogre
  7220 | D:11     | Slain by a two-headed ogre

Illustrated notes

Levels and vault maps discovered:
D:1:      spicycebolla_green_bress_n_ham_2, layout_basic,
          basic_ecumenical_altar, chequers_serial_rivers_room_a
D:2:      layout_loops_cross, kennysheep_generic_room_6, uniq_robin
D:3:      layout_basic, makhleb_altar_promises_db,
          mainiacjoe_overflow_cross_hatched, serial_shops, nicolae_square_shop,
          portal_sewer_entry_d
D:4:      layout_layer_cave, mainiacjoe_overflow_catwalk, temple_fountains,
          sigmund_army, uniq_grinder
D:5:      layout_loops_corners, kennysheep_okawaru_gauntlet, serial_shops, shop,
          minivault_14, minmay_misc_feat_roman
D:6:      layout_rooms, elyvilon_altar_1, minmay_misc_feat_alley
D:7:      layout_basic, serial_undead, serial_undead_c, serial_undead_b,
          serial_undead_a, serial_undead_d, serial_undead_d, serial_undead_f,
          serial_undead_a, serial_undead_c, ebering_ghost_reflecting_pool,
          serial_shops, shop_statue, st_stairs_10
D:8:      layout_basic, mainiacjoe_overflow_alcove_1, tso_metal_star,
          uniq_gastronok
D:9:      layout_long_grid, uniq_maurice, uniq_grum
D:10:     layout_roguey, zombieorc2_lemuel, kennysheep_minor_cross,
          kennysheep_generic_room_10
D:11:     minmay_roctagon, layout_basic, lair_entry_dummy
Temple:   hellmonk_temple_divided_pantheon

Skill      XL: |  1  2  3  4  5  6  7  8  9 10 11 |
---------------+----------------------------------+-----
Fighting       | 1 2 3 4 5 6 |  6.2
Transmutations | 2 3 4 5 6 |  6.5
Spellcasting   | 2 3 |  3.0
Dodging        | 2 3 4 5 6 |  6.1
Ice Magic      | 1 2 3 5 |  5.0
Armour         | 1 2 3 4 |  4.0
Unarmed Combat | 4 6 8 |  8.8

Action                   |  1- 3 |  4- 6 |  7- 9 | 10-12 || total
-------------------------+-------+-------+-------+-------++-------
Melee: Unarmed           |    90 |    74 |   378 |   252 ||   794
       Kick              |       |     5 |    27 |       ||    32
       Punch             |       |     4 |    10 |     6 ||    20
       Headbutt          |       |     2 |    13 |       ||    15
 Cast: Wereblood         |     1 |     3 |    11 |    10 ||    25
       Beastly Appendage |       |     4 |    15 |       ||    19
       Ice Form          |       |       |     3 |    14 ||    17
Invok: Purification      |       |       |     1 |       ||     1
       Heal Self         |       |       |       |     1 ||     1
  Use: Scroll            |       |       |     9 |     2 ||    11
       Potion            |       |       |       |     2 ||     2
 Stab: Sleeping          |       |       |       |     1 ||     1
Armor: Robe              |    29 |    22 |       |       ||    51
       Troll leather arm |       |     2 |   104 |    19 ||   125
       Skin              |       |       |    14 |    37 ||    51
Dodge: Dodged            |    46 |    55 |   197 |   116 ||   414
